 Dungeon Crawl Stone Soup version 0.16-a0-148-g3b84123 (webtiles) character file.

104059 Ratboiler the Bludgeoner (level 16, -5/176 HPs)
             Began as an Ogre Artificer on Aug 15, 2014.
             Was an Elder of the Shining One.
             Shot with an arrow by a naga sharpshooter (17 damage)
             ... on Level 2 of the Snake Pit.
             The game lasted 02:31:12 (36610 turns).

Ratboiler the Bludgeoner (Ogre Artificer)          Turns: 36610, Time: 02:31:12

HP  -5/176       AC  8     Str 20      XL: 16   Next: 37%
MP  28/28        EV 17     Int 11      God: the Shining One [****..]
Gold 3427        SH  0     Dex 15      Spells:  0 memorised, 15 levels left

rFire  . . .     SeeInvis .     a - +3 giant spiked club
rCold  + . .     Clarity  .     q - +1 robe {MR+}
rNeg   + + +     rCorr    .     (shield restricted)
rPois  .         rRot     .     t - +2 hat
rElec  .         Spirit   .     y - +0 cloak
SustAb .         Warding  .     (gloves unavailable)
rMut   .         Stasis   .     (boots unavailable)
Gourm  +                        L - amulet of the gourmand
MR     +++..                    D - ring of protection from magic
                                x - ring of positive energy

@: glowing, extremely resistant to hostile enchantments, very unstealthy
A: unfitting armour, cold resistance 1, tough skin 1
a: Divine Shield, Cleansing Flame, Renounce Religion


You were on level 2 of the Snake Pit.
You worshipped the Shining One.
The Shining One was greatly pleased with you.
You were not hungry.

You visited 6 branches of the dungeon, and saw 29 of its levels.
You also visited: Bailey and Volcano.

You collected 3572 gold pieces.
You spent 145 gold pieces at shops.

Inventory:

Hand weapons
 a - a +3 giant spiked club (weapon)
 N - a +0 flail of holy wrath
Missiles
 v - 8 tomahawks (quivered)
 V - 2 silver tomahawks
Armour
 b - a +0 shield
 q - a +1 robe of magic resistance (worn)
 t - a +2 hat (worn)
 y - a +0 cloak (worn)
 C - a +2 robe of positive energy
 Y - a +0 troll leather armour
Magical devices
 c - a wand of enslavement (0)
 j - a wand of lightning (0)
 k - a wand of lightning (0)
 p - a wand of digging (12)
 r - a wand of slowing (11)
 w - a wand of polymorph (10)
 H - a wand of confusion (15)
 I - a wand of confusion (4)
 K - a wand of paralysis (11)
 Q - a wand of paralysis (7)
 X - a wand of digging (8)
Comestibles
 n - a meat ration
 u - 25 beef jerkies
 A - 13 bread rations
 G - a royal jelly
 P - 19 fruits
Scrolls
 g - 13 scrolls of remove curse
 h - 3 scrolls of fear
 l - a scroll of vulnerability
 m - 3 scrolls of blinking
 o - 6 scrolls of fog
 M - 8 scrolls of teleportation
 S - 3 scrolls of amnesia
 U - a scroll of recharging
 W - 2 scrolls of magic mapping
Jewellery
 f - a +2 ring of dexterity {unknown}
 x - a ring of positive energy (left hand)
 D - a ring of protection from magic (right hand)
 L - an amulet of the gourmand (around neck)
Potions
 d - a potion of flight
 e - a potion of might
 i - 3 potions of resistance
 s - 4 potions of restore abilities
 B - 2 potions of haste
 E - 4 potions of brilliance
 J - 2 potions of curing


   Skills:
 - Level 15.4 Fighting
 + Level 20.7 Maces & Flails
 * Level 7.5 Armour
 * Level 12.2 Dodging
 - Level 0.7 Stealth
 - Level 9.2 Invocations
 - Level 8.1 Evocations


You had 15 spell levels left.
You didn't know any spells.

Dungeon Overview and Level Annotations

Branches:
Dungeon (13/15)            Temple (1/1) D:5             Orc (4/4) D:12
    Elf (0/3) Orc:4          Lair (8/8) D:10         Shoals (1/5) Lair:6
  Snake (2/5) Lair:6        Slime (0/6) Lair:7
 Vaults: D:13-14

Altars:
Ashenzari
Cheibriados
Dithmenos
Fedhas
Gozag
Kikubaaqudgha
Makhleb
Okawaru
Qazlal
Sif Muna
Trog
Vehumet
Xom
Yredelemnul
The Shining One
Beogh
Jiyva

Shops:
D:9 !   Orc:1 *   Orc:4 (:[*

Annotations:
Snake:1 Aizul


Innate Abilities, Weirdness & Mutations

You are too large for most types of armour.
You have tough skin (AC +1).
Your flesh is cold resistant.


Message History

Drink which item? (? for menu, Esc to quit)
You feel much better.
The naga sharpshooter shoots an arrow.
The arrow misses you.
The naga sharpshooter mumbles some strange words.
The naga sharpshooter magically shoots an arrow.
The arrow hits you!
* * * LOW HITPOINT WARNING * * *
You see here an arrow.
Drink which item? (? for menu, Esc to quit)
Okay, then.
Read which item? (? for menu, Esc to quit)
As you read the scroll of fear, it crumbles to dust.
You assume a fearsome visage.
The water moccasin looks frightened!
The naga sharpshooter resists.
The naga sharpshooter shoots an arrow.
The arrow hits you!
* * * LOW HITPOINT WARNING * * *
You sock the naga sharpshooter!
The naga sharpshooter is moderately wounded.
The naga sharpshooter shoots an arrow.
The arrow hits you!
You die...

........##.......................
........##.......................
........##.......................
........##.............(.........
........##...........S...........
........##.....(.................
#################......##########
##############N.....##########
............(@.............##.
...........(.....%.........##.
...........................##.
.......(...................##.
.............(...)..)......##.
####.....##########......###.
########.....##########.....###..
..................##........##...
..................##........##...


You could see a naga sharpshooter and a water moccasin (fleeing).

Vanquished Creatures
  2 orc warlords (Orc:3)
  Fannar (Lair:7)
  13 hydras
  4 naga warriors
  3 anacondas
  2 centaur warriors
  A siren (Shoals:1)
  An ogre mage (Orc:4)
  6 death yaks (Lair:8)
  2 naga sharpshooters (Snake:1)
  Urug (Snake:1)
  An orc high priest (Orc:4)
  2 catoblepae
  2 shock serpents
  The ghost of patnam the Basher, an experienced GrBe of Trog (D:11)
  The ghost of Conn321 the Thaumaturge, an experienced DEFE of Gozag (Orc:2)
  3 orc knights
  5 sea snakes
  3 hill giants
  Pikel (D:4)
  2 wolf spiders (Lair:3)
  A wizard (D:11)
  A mana viper (Snake:1)
  3 orc sorcerers
  An oklob plant (Lair:4)
  4 ugly things
  2 cyclopes
  3 manticores
  3 griffons
  3 elephants (Lair:8)
  A red wasp (D:13)
  A mermaid (Shoals:1)
  A drowned soul (Shoals:1)
  2 item mimics
  3 gargoyles
  A molten gargoyle (Volcano)
  17 spiny frogs
  A feature mimic (Lair:3)
  3 naga magi
  14 black mambas
  A tengu conjurer (D:13)
  4 fire drakes
  An efreet (Volcano)
  6 komodo dragons
  A red devil (Volcano)
  5 polar bears (Lair:8)
  A merfolk (Shoals:1)
  Sonja (Orc:3)
  A wind drake (Shoals:1)
  5 trolls
  15 blink frogs
  6 slime creatures (D:12)
  3 ravens
  3 two-headed ogres
  5 basilisks
  A shadow (D:12)
  20 water moccasins
  A snapping turtle (Shoals:1)
  A water elemental (Shoals:1)
  A deep elf mage (D:13)
  A steam dragon (D:12)
  5 wyverns
  14 yaks
  9 wargs
  19 hippogriffs
  9 hogs (Lair:8)
  3 fire elementals (D:11)
  A hill giant skeleton (D:12)
  2 wraiths
  5 vampire mosquitoes
  Menkaure (D:6)
  13 porcupines
  10 nagas
  20 wolves
  42 orc warriors
  7 hell hounds
  A necrophage (D:7)
  5 ice beasts
  6 phantoms
  17 ogres
  A tengu skeleton (D:13)
  A yellow wasp (Lair:3)
  7 black bears
  3 sky beasts
  11 centaurs
  Sigmund (D:4)
  12 crocodiles
  A big kobold (D:7)
  Blork the orc (Orc:1)
  13 giant frogs
  2 jellies
  A wyvern zombie (D:10)
  3 scorpions
  A warg zombie (Orc:4)
  A yak zombie (D:11)
  An elf zombie (D:13)
  5 killer bees (D:8)
  A hippogriff skeleton (D:9)
  2 goliath beetles
  2 electric eels
  A giant frog zombie (D:12)
  3 wights
  A lava snake (Volcano)
  5 crimson imps
  19 hounds
  34 orc priests
  8 iguanas
  41 orc wizards
  7 worker ants
  14 sheep
  A hound zombie (D:8)
  A mummy (D:10)
  3 gnolls (D:4)
  49 green rats
  31 adders
  3 shadow imps
  2 giant mites (Lair:3)
  3 worms
  10 orc zombies
  4 giant geckos
  219 orcs
  A ball python (D:3)
  27 bats
  9 giant cockroaches
  27 goblins
  18 hobgoblins
  10 jackals
  13 quokkas
  7 giant newts
  A gnoll zombie (D:5)
  A goblin zombie (Orc:4)
  A hobgoblin zombie (D:8)
  11 kobolds
  3 orc skeletons (Orc:4)
  A quokka skeleton (D:4)
  15 rats
  2 ballistomycetes (D:9)
  A fungus (Lair:5)
  2 plants (Lair:8)
1073 creatures vanquished.

Vanquished Creatures (collateral kills)
  Asterion (Snake:1)
  A merfolk impaler (Shoals:1)
  An orc sorcerer (Orc:4)
  A griffon (Shoals:1)
  A fire drake (Shoals:1)
  An efreet (D:13)
  A komodo dragon (Lair:8)
  2 merfolk (Shoals:1)
  A water elemental (Shoals:1)
  A naga (Snake:1)
  2 orc warriors (Orc:4)
  A giant frog (D:6)
  A goliath beetle (D:6)
  A jelly (D:5)
  A gnoll (D:4)
  3 orcs
  A quokka zombie (D:5)
21 creatures vanquished.

Vanquished Creatures (others)
  2 drowned souls (Shoals:1)
  A centaur (D:12)
  An ogre (D:4)
  A crocodile (Lair:1)
  A big kobold skeleton (D:10)
  2 orcs
  A hobgoblin (D:4)
  A giant spore (D:9)
  2 jackals (D:4)
  12 fungi
  6 plants
  4 tentacles (Shoals:1)
  2 tentacle segments (Shoals:1)
36 creatures vanquished.

Grand Total: 1130 creatures vanquished

Notes
Turn   | Place    | Note
--------------------------------------------------------------
     0 | D:1      | Ratboiler, the Ogre Artificer, began the quest for the Orb.
     0 | D:1      | Reached XP level 1. HP: 19/19 MP: 1/1
   170 | D:1      | Reached XP level 2. HP: 19/28 MP: 2/2
   925 | D:1      | Reached XP level 3. HP: 28/35 MP: 4/4
  1203 | D:2      | Reached skill level 3 in Maces & Flails
  1909 | D:2      | Reached XP level 4. HP: 39/44 MP: 5/5
  2034 | D:2      | Found a blossoming altar of Fedhas.
  2092 | D:2      | Reached skill level 4 in Maces & Flails
  2393 | D:3      | Reached XP level 5. HP: 44/53 MP: 7/7
  2600 | D:3      | Found a shadowy altar of Dithmenos.
  3161 | D:4      | Reached skill level 5 in Maces & Flails
  3209 | D:4      | Found a shimmering altar of Xom.
  3270 | D:4      | Noticed a phantom
  3296 | D:4      | Killed a phantom
  3296 | D:4      | Reached XP level 6. HP: 45/62 MP: 8/8
  3449 | D:4      | Noticed Sigmund
  3512 | D:4      | Killed Sigmund
  3512 | D:4      | Reached skill level 6 in Maces & Flails
  3530 | D:4      | Noticed an ogre
  3550 | D:4      | Killed an ogre
  3593 | D:4      | Noticed a slave
  3608 | D:4      | Noticed an ogre
  3609 | D:4      | Noticed a slave
  3611 | D:4      | Noticed Pikel
  3611 | D:4      | Noticed a slave
  3612 | D:4      | Noticed a slave
  3616 | D:4      | Killed Pikel
  3616 | D:4      | Reached skill level 5 in Fighting
  3616 | D:4      | Reached skill level 8 in Maces & Flails
  3616 | D:4      | Reached XP level 7. HP: 69/74 MP: 9/9
  3616 | D:4      | Reached XP level 8. HP: 77/83 MP: 11/11
  3666 | D:4      | Killed an ogre
  4086 | D:5      | Entered Level 5 of the Dungeon
  4316 | D:5      | Reached skill level 9 in Maces & Flails
  4464 | D:5      | Found a staircase to the Ecumenical Temple.
  4478 | Temple   | Entered the Ecumenical Temple
  4523 | Temple   | Became a worshipper of the Shining One
  4828 | D:6      | Reached skill level 5 in Dodging
  4950 | D:6      | Noticed Menkaure
  5096 | D:6      | Killed Menkaure
  5211 | D:6      | Reached skill level 10 in Maces & Flails
  5525 | D:6      | Reached XP level 9. HP: 72/93 MP: 12/12
  5749 | D:7      | Gained mutation: Your flesh is cold resistant. [potion of beneficial mutation]
  6031 | D:7      | Found a basalt altar of Yredelemnul.
  6042 | D:7      | Found a stormy altar of Qazlal.
  6042 | D:7      | Found a shimmering altar of Xom.
  6043 | D:7      | Found an ancient bone altar of Kikubaaqudgha.
  6193 | D:7      | Reached skill level 11 in Maces & Flails
  6221 | D:7      | Found a flagged portal.
  6230 | Bailey   | Entered a bailey
  6306 | Bailey   | Noticed an orc knight
  6529 | Bailey   | Noticed a fire crab
  6529 | Bailey   | an orc knight changed into a fire crab
  6540 | Bailey   | Noticed an orc knight
  8429 | D:8      | Reached skill level 12 in Maces & Flails
  8977 | D:8      | Reached XP level 10. HP: 61/106 MP: 14/14
  9674 | D:9      | Noticed a griffon
  9698 | D:9      | Killed a griffon
  9975 | D:9      | Reached skill level 13 in Maces & Flails
 10530 | D:10     | Entered Level 10 of the Dungeon
 11250 | D:9      | Acquired the Shining One's first power
 11309 | D:9      | Reached skill level 10 in Fighting
 11347 | D:9      | Found Blaet's Distillery.
 11403 | D:10     | Noticed a hill giant
 11465 | D:10     | Reached skill level 14 in Maces & Flails
 11637 | D:10     | Noticed a centaur warrior
 11784 | D:11     | Noticed patnam's ghost (experienced GrBe)
 11952 | D:11     | Killed patnam's ghost
 11952 | D:11     | Reached XP level 11. HP: 46/119 MP: 15/15
 12445 | D:10     | Killed a centaur warrior
 12445 | D:10     | Reached skill level 15 in Maces & Flails
 12619 | D:10     | Killed a hill giant
 13367 | D:10     | Found a staircase to the Lair.
 13494 | D:10     | Noticed a hill giant
 13500 | D:10     | Killed a hill giant
 13654 | D:10     | Acquired the Shining One's second power
 14041 | Lair:1   | Entered Level 1 of the Lair of Beasts
 14206 | Lair:1   | Reached skill level 16 in Maces & Flails
 14766 | Lair:2   | Reached skill level 1 in Invocations
 14810 | Lair:2   | Reached skill level 1 in Armour
 14823 | Lair:2   | Reached XP level 12. HP: 122/132 MP: 15/17
 15871 | Lair:3   | Noticed a four-headed hydra
 15877 | Lair:3   | Killed a four-headed hydra
 15940 | Lair:3   | Found a staircase to the Swamp.
 15958 | Lair:3   | Noticed a five-headed hydra
 15969 | Lair:3   | Killed a five-headed hydra
 16465 | Lair:4   | Noticed a six-headed hydra
 16477 | Lair:4   | Killed a six-headed hydra
 16776 | Lair:4   | Reached skill level 17 in Maces & Flails
 16811 | Lair:4   | Noticed a four-headed hydra
 16817 | Lair:4   | Killed a four-headed hydra
 17032 | Lair:4   | Identified a scroll of acquirement
 17911 | Lair:5   | Reached XP level 13. HP: 96/141 MP: 20/20
 18365 | Lair:6   | Found a staircase to the Snake Pit.
 18607 | Lair:6   | Found a staircase to the Shoals.
 18707 | Lair:6   | Found a dark tunnel.
 18714 | Volcano  | Entered a volcano
 18821 | Volcano  | Found a burning altar of Makhleb.
 18995 | Lair:6   | Reached skill level 5 in Invocations
 18995 | Lair:6   | Reached skill level 5 in Evocations
 19219 | Lair:6   | Got a bone great mace
 20011 | Lair:7   | Reached skill level 10 in Dodging
 20021 | Lair:7   | Noticed Fannar
 20035 | Lair:7   | Killed Fannar
 20095 | Lair:7   | Found a viscous altar of Jiyva.
 20097 | Lair:7   | Found a staircase to the Slime Pits.
 20249 | Lair:7   | Reached skill level 18 in Maces & Flails
 20821 | Lair:8   | Entered Level 8 of the Lair of Beasts
 21050 | Lair:8   | Reached XP level 14. HP: 108/153 MP: 24/24
 21172 | Lair:8   | Got a pitted silver ring
 21174 | Lair:8   | Identified the cursed ring "Vies" {rN+ AC-3 Str-3} (You found it on level 8 of the Lair of Beasts)
 21324 | Lair:8   | Reached skill level 5 in Armour
 21811 | Lair:8   | Acquired the Shining One's third power
 22130 | Lair:8   | Reached skill level 19 in Maces & Flails
 22933 | Lair:4   | Noticed a five-headed hydra
 22937 | Lair:4   | Killed a five-headed hydra
 23293 | Lair:1   | Identified the +4 great mace of Yredelemnul's Delight {venom, MR++} (You found it on level 6 of the Lair of Beasts)
 23381 | D:11     | Noticed a hill giant
 23381 | D:11     | Noticed a white ugly thing
 23390 | D:10     | Killed a white ugly thing
 23520 | D:11     | Noticed a wizard
 23579 | D:11     | Killed a wizard
 23600 | D:11     | Noticed a lich
 23600 | D:11     | Noticed a lich
 24064 | D:12     | Reached XP level 15. HP: 165/165 MP: 26/26
 24494 | D:12     | Found a staircase to the Orcish Mines.
 24506 | Orc:1    | Entered Level 1 of the Orcish Mines
 24670 | Orc:1    | Found Shrieliku's Assorted Antiques.
 24693 | Orc:1    | Bought a blue potion {tried by monster} for 25 gold pieces
 24746 | Orc:1    | Noticed Blork the orc
 24751 | Orc:1    | Killed Blork the orc
 24805 | Orc:1    | Found a roughly hewn altar of Beogh.
 24986 | Orc:2    | Noticed Conn321's ghost (experienced DEFE)
 24992 | Orc:2    | Killed Conn321's ghost
 25336 | Orc:3    | Acquired the Shining One's fourth power
 25533 | Orc:4    | Entered Level 4 of the Orcish Mines
 26474 | Orc:3    | Noticed Sonja
 26483 | Orc:3    | Killed Sonja
 26786 | Orc:4    | Found a staircase to the Elven Halls.
 27608 | Orc:3    | Reached skill level 20 in Maces & Flails
 28207 | Orc:4    | Found a roughly hewn altar of Beogh.
 28239 | Orc:4    | Found Groemub's Antique Armour Boutique.
 28258 | Orc:4    | Found Ycoff's General Store.
 28273 | Orc:4    | Bought a scroll of teleportation for 45 gold pieces
 28273 | Orc:4    | Bought a scroll of identify for 30 gold pieces
 28273 | Orc:4    | Bought a potion of heal wounds for 45 gold pieces
 28283 | Orc:4    | Found Qaruizup's Book Boutique.
 28304 | Orc:4    | Found Jiutrush's Antique Weapon Boutique.
 29413 | D:13     | Paralysed by a red wasp for 2 turns
 30112 | D:13     | Reached skill level 15 in Fighting
 30242 | D:11     | Noticed a tengu warrior
 30380 | Lair:3   | the staircase to the Swamp was a mimic.
 30620 | Shoals:1 | Entered Level 1 of the Shoals
 30862 | Shoals:1 | Noticed a kraken
 32157 | Snake:1  | Entered Level 1 of the Snake Pit
 32501 | Snake:1  | Reached XP level 16. HP: 106/176 MP: 28/28
 32953 | Snake:1  | Noticed Urug
 32969 | Snake:1  | Killed Urug
 33577 | Snake:1  | Noticed Asterion
 33597 | Snake:1  | Killed Asterion
 34402 | Snake:1  | Noticed Aizul
 34640 | Snake:1  | HP: 2/176 [shock serpent (11)]
 36610 | Snake:2  | Shot with an arrow by a naga sharpshooter

Action                   |  1- 3 |  4- 6 |  7- 9 | 10-12 | 13-15 | 16-18 || total
-------------------------+-------+-------+-------+-------+-------+-------++-------
Melee: Club              |   109 |       |       |       |       |       ||   109
       Whip              |    46 |   158 |   476 |   245 |       |       ||   925
       Giant club        |       |       |       |    84 |       |       ||    84
       Flail             |       |       |       |    11 |       |       ||    11
       Giant spiked club |       |       |       |   311 |  1427 |   146 ||  1884
 Fire: Hunting sling     |       |       |     1 |       |       |       ||     1
Throw: Tomahawk          |     2 |     6 |       |    18 |     1 |     2 ||    29
       Large rock        |       |       |       |    16 |    36 |       ||    52
Invok: Summon Divine War |       |       |       |       |     3 |     1 ||     4
       Divine Shield     |       |       |       |       |       |     1 ||     1
Evoke: Wand              |     3 |    25 |    25 |    19 |    16 |     2 ||    90
  Use: Scroll            |       |     2 |     7 |    23 |    14 |     4 ||    50
       Potion            |       |       |     2 |     3 |    16 |     5 ||    26
 Stab: Sleeping          |       |     2 |       |     3 |     1 |       ||     6
       Paralysed         |       |     3 |     5 |       |       |       ||     8
       Distracted        |       |       |       |       |     1 |       ||     1
  Eat: Chunk             |     3 |     6 |    22 |    30 |    56 |     8 ||   125
       Beef jerky        |       |       |     1 |       |       |       ||     1
       Royal jelly       |       |       |       |       |       |     2 ||     2
